 Dungeon Crawl Stone Soup version 0.28.0-43-g3370ac3207 (webtiles) character file.

Game seed: 15508575949346008613

4557 demenzo the Spear-Bearer (level 10, -12/107 HPs)
             Began as an Ogre Cinder Acolyte on Mar 16, 2022.
             Was a High Priest of Ignis.
             Mangled by a yak (14 damage)
             ... on level 8 of the Dungeon.
             The game lasted 00:21:59 (12067 turns).

demenzo the Spear-Bearer (Ogre Cinder Acolyte)     Turns: 12067, Time: 00:22:00

Health: -12/107    AC:  8    Str: 20    XL:     10   Next: 40%
Magic:  2/20       EV:  7    Int: 19    God:    Ignis [*****.]
Gold:   353        SH:  8    Dex:  6    Spells: 19/23 levels left

rFire   + . .      SeeInvis .   a - +2 trident (flame)
rCold   . . .      Faith    .   x - +1 kite shield
rNeg    . . .      Spirit   .   i - +1 acid dragon scales of the Burning Grue {Will+ rCorr Dex+2}
rPois   .          Reflect  .   (helmet restricted)
rElec   .          Harm     .   (no cloak)
rCorr   +          Rampage  .   (gloves unavailable)
Will    ++...                   (boots unavailable)
Stlth   +.........              j - amulet of the acrobat
HPRegen 0.27/turn               f - ring of wizardry
MPRegen 0.17/turn               (no ring)

@: no status effects
A: large, unfitting armour, tough skin 1
a: Renounce Religion, Fiery Armour, Foxfire Swarm, Rising Flame


You were on level 8 of the Dungeon.
You worshipped Ignis.
Ignis was extremely pleased with you.
You visited 1 branch of the dungeon, and saw 8 of its levels.

You collected 353 gold pieces.

Inventory:

Hand Weapons
 a - a +2 trident of flaming (weapon)
 b - a +0 hunting sling
Missiles
 g - 135 stones (quivered)
 n - 50 sling bullets
 y - 6 atropa-tipped darts
Armour
 i - the +1 acid dragon scales of the Burning Grue (worn) {Will+ rCorr Dex+2}
   (You acquired it on level 4 of the Dungeon)

   Dex:       It affects your dexterity (+2).
   rCorr:     It protects you from acid and corrosion.
   Will:      It increases your willpower.
 x - a +1 kite shield (worn)
Jewellery
 f - a ring of wizardry (left hand)
 j - an amulet of the acrobat (around neck)
Wands
 h - a wand of flame (26)
 o - a wand of polymorph (5)
Scrolls
 c - 2 scrolls of amnesia
 k - 4 scrolls of vulnerability
 m - 3 scrolls of teleportation
 s - 2 scrolls of fear
 w - a scroll of holy word {unknown}
Potions
 d - a potion of mutation
 e - 2 potions of lignification {unknown}
 l - a potion of curing {unknown}
 p - a potion of berserk rage {unknown}
 q - a potion of degeneration {unknown}
 r - a potion of attraction {unknown}
 t - 2 potions of might
 u - a potion of ambrosia {unknown}
 v - a potion of heal wounds {unknown}


   Skills:
 + Level 9.4 Fighting
 * Level 9.8 Polearms
 - Level 3.0 Armour
 + Level 3.8 Shields
 + Level 7.1 Spellcasting
 - Level 3.0 Fire Magic
 - Level 2.0 Air Magic
 - Level 2.0 Poison Magic


You had 19 spell levels left.
You knew the following spells:

 Your Spells              Type           Power      Damage    Failure   Level
a - Scorch                Fire           36%        2d7       5%          2
b - Poisonous Vapours     Pois/Air       28%        N/A       9%          2

Your spell library contained the following spells:

 Spells                   Type           Power      Damage    Failure   Level
 Shock                    Conj/Air       40%        1d5       9%          1
 Corpse Rot               Necr/Air       20%        N/A       12%         2
 Swiftness                Air            14%        N/A       16%         3
 Airstrike                Air            7%         N/A       45%         4
 Summon Lightning Spire   Summ/Air       10%        N/A       58%         4
 Storm Form               Tmut/Air       5%         N/A       100%        7
 Maxwell's Capacitive Co  Air            7%         ∞         100%        8


Dungeon Overview and Level Annotations

Branches:
Dungeon (8/15)             Temple (0/1) D:5
   Lair: D:8-11

Altars:
Ashenzari
Wu Jian

Shops:
D:3 [

Annotations:
D:3 1 runed translucent door, vvl's ghost, amateur HuCj
D:5 Prince Ribbit
D:6 exclusion: downstairs


Innate Abilities, Weirdness & Mutations

You are too large for most types of armour.
You have tough skin. (AC +1)


Message History

You kill the yak!
The yak gores you but does no damage.
Casting: Scorch (safe; 5% risk of failure)
Confirm with . or Enter, or press ? or * to list all spells.
Flames lash the yak.
The yak is lightly wounded.
The yak's fire resistance burns away.
The yak gores you. The yak barely misses you. The yak gores you.
Casting: Scorch (safe; 5% risk of failure)
Confirm with . or Enter, or press ? or * to list all spells.
You don't have enough magic to cast this spell.
Casting: Scorch (safe; 5% risk of failure)
Confirm with . or Enter, or press ? or * to list all spells.
You don't have enough magic to cast this spell.
Unknown command.
You are too injured to fight recklessly!
You are too injured to fight recklessly!
You are too injured to fight recklessly!
You hit the yak. You burn the yak.
The yak is heavily wounded.
The yak gores you! You block the yak's attack. The yak gores you!
* * * LOW HITPOINT WARNING * * *
You barely miss the yak.
The yak is heavily wounded.
The yak is no longer more vulnerable to fire.
You block the yak's attack. The yak closely misses you. x2
You hit the yak. You burn the yak.
The yak is severely wounded.
The yak is no longer more vulnerable to fire.
The yak gores you.
* * * LOW HITPOINT WARNING * * *
The yak closely misses you.
You hit the yak. You burn the yak.
The yak is almost dead.
The yak gores you.
* * * LOW HITPOINT WARNING * * *
The yak gores you!
* * * LOW HITPOINT WARNING * * *
The yak gores you!
You die...

...###.#.........# .
...#............# .
..............## #Y
##.........### ##.
##..........######
#..###...Y..Y.......#.#
#..........Y.##......##
##...........###Y#.....###
#....#.......###@#.......#
...###.......#.#YY.....###
...###..................#
. ...##.....#...#.......#
.[.......##...#...#..##
#.......###..#########
##......##...#
##...........#
............###


You could see 3 yaks.

Vanquished Creatures
  Pikel (D:6)
  A shadow (D:7)
  9 yaks
  A steam dragon (D:7)
  3 ice beasts
  A sky beast (D:6)
  2 necrophages
  An ogre (D:5)
  A phantom (D:5)
  2 centaurs
  Blork the orc (D:5)
  A kobold brigand (D:8)
  2 bullfrogs
  A gnoll sergeant (D:5)
  A wyvern zombie (D:7)
  6 scorpions
  3 killer bees (D:8)
  2 bullfrog zombies
  4 hounds
  A gnoll shaman (D:4)
  An orc priest (D:4)
  A bullfrog skeleton (D:5)
  A centaur skeleton (D:4)
  4 iguanas
  An orc wizard (D:3)
  A hound zombie (D:5)
  2 howler monkey zombies
  16 gnolls
  7 adders
  4 white imps
  An ufetubus (D:5)
  3 dart slugs
  8 orcs
  5 endoplasms
  4 giant cockroaches
  10 goblins
  8 hobgoblins
  2 quokkas
  6 ball pythons
  2 frilled lizards (D:2)
  10 kobolds
  4 rats
145 creatures vanquished.

Vanquished Creatures (others)
  32 foxfires (D:5)
  A fungus (D:3)
  3 plants (D:7)
36 creatures vanquished.

Grand Total: 181 creatures vanquished

Notes
Turn   | Place    | Note
-------+----------+-------------------------------------------
     0 | D:1      | demenzo the Ogre Cinder Acolyte began the quest for the
                  | Orb.
     0 | D:1      | Reached XP level 1. HP: 24/24 MP: 2/2
   353 | D:1      | Reached XP level 2. HP: 28/32 MP: 4/4
   611 | D:1      | Learned a level 2 spell: Scorch
  1114 | D:1      | Reached XP level 3. HP: 29/39 MP: 5/5
  1648 | D:2      | Found an ornate altar of the Wu Jian Council.
  2278 | D:3      | Found Muydurph's Antique Armour Boutique.
  2300 | D:3      | Found a runed translucent door.
  2300 | D:3      | Noticed vvl's ghost (amateur HuCj)
  2310 | D:3      | Found a broken altar of Ashenzari.
  2461 | D:3      | Learned a level 2 spell: Poisonous Vapours
  2574 | D:3      | Reached XP level 4. HP: 33/49 MP: 4/7
  3660 | D:4      | Identified a scroll of acquirement
  3660 | D:4      | Acquired the +1 acid dragon scales of the Burning Grue
                  | {Will+ rCorr Dex+2}
  3884 | D:4      | Reached XP level 5. HP: 35/55 MP: 3/8
  4039 | D:4      | Reached skill level 1 in Poison Magic
  4043 | D:4      | Reached skill level 5 in Fighting
  4043 | D:4      | Reached skill level 1 in Air Magic
  4253 | D:4      | Reached XP level 6. HP: 63/66 MP: 10/10
  4619 | D:5      | Entered Level 5 of the Dungeon
  4894 | D:5      | Reached skill level 5 in Polearms
  4906 | D:5      | Reached XP level 7. HP: 47/72 MP: 2/11
  5310 | D:5      | Noticed a yak
  5310 | D:5      | Noticed a yak
  5310 | D:5      | Noticed a yak
  5310 | D:5      | Noticed a yak
  5310 | D:5      | Noticed a yak
  5310 | D:5      | Noticed a yak
  5341 | D:4      | Reached skill level 1 in Armour
  5729 | D:3      | Killed a yak
  6082 | D:3      | Killed a yak
  6083 | D:3      | Reached XP level 8. HP: 31/84 MP: 0/14
  6337 | D:3      | Killed a yak
  6482 | D:2      | Killed a yak
  6612 | D:1      | Killed a yak
  7529 | D:4      | Killed a yak
  7530 | D:4      | Reached skill level 5 in Spellcasting
  7784 | D:5      | Found a staircase to the Ecumenical Temple.
  7788 | D:5      | Noticed Blork the orc
  7798 | D:5      | Killed Blork the orc
  7799 | D:5      | Reached XP level 9. HP: 23/93 MP: 0/16
  8149 | D:5      | Noticed Prince Ribbit
  8354 | D:4      | Reached skill level 1 in Shields
 10225 | D:7      | Noticed Pikel
 10241 | D:6      | Killed Pikel
 10520 | D:7      | Noticed a manticore
 11030 | D:7      | Reached XP level 10. HP: 82/106 MP: 6/19
 11220 | D:7      | Noticed a manticore
 11371 | D:8      | Noticed Maggie
 11395 | D:8      | Noticed Maggie
 11395 | D:8      | Maggie changed into Maggie the rat
 11400 | D:8      | Killed Maggie the rat
 12067 | D:8      | HP: 2/107 [yak (12)]
 12067 | D:8      | Mangled by a yak

Illustrated notes

Levels and vault maps discovered:
D:1:      roderic_chinese_lattice_arrival, layout_basic
D:2:      layout_loops_ring, basic_altar
D:3:      cheibrodos_old_hovel, layout_basic, mainiacjoe_overflow_chevrons,
          serial_shops, nicolae_shop_behind_doors, ebering_ghost_inner_flame
D:4:      layout_loops_ring, kennysheep_nub, grunt_ministairs_8
D:5:      layout_rooms, temple_pool_b, hangedman_minor_gate_pass,
          uniq_prince_ribbit1, uniq_blork_the_orc
D:6:      layout_layer_cave
D:7:      nzn_winding_woodlands_small [nzn_winding_woodlands_5x15_garden,
          nzn_winding_woodlands_center_triple_pond,
          nzn_winding_woodlands_5x15_sawtooth], layout_basic, uniq_pikel
D:8:      layout_cave_pools, corexii_checkpoint_a, small_chamber_with_monster,
          uniq_maggie

Skill      XL: |  1  2  3  4  5  6  7  8  9 10 |
---------------+-------------------------------+-----
Fire Magic     | 3 |  3.0
Spellcasting   | 2 3 4 5 6 7 |  7.1
Polearms       | 4 5 6 7 9 |  9.8
Poison Magic   | 1 2 |  2.0
Fighting       | 5 6 7 8 9 |  9.4
Air Magic      | 1 2 |  2.0
Armour         | 1 2 3 |  3.0
Shields        | 3 |  3.8

Action                   |  1- 3 |  4- 6 |  7- 9 | 10-12 || total
-------------------------+-------+-------+-------+-------++-------
Melee: Spear             |   149 |    55 |     3 |       ||   207
       Punch             |     2 |     3 |       |       ||     5
       Trident           |       |    89 |   105 |   104 ||   298
 Cast: Scorch            |     1 |    16 |    74 |    10 ||   101
       Poisonous Vapours |       |       |    45 |       ||    45
Invok: Foxfire Swarm     |       |       |     2 |       ||     2
Evoke: Wand              |       |       |       |     1 ||     1
  Use: Scroll            |       |     6 |     5 |       ||    11
Armor: Robe              |    25 |     7 |       |       ||    32
       Acid dragon scale |       |    40 |    68 |    45 ||   153
Dodge: Dodged            |    38 |    54 |    83 |    49 ||   224
Block: Kite shield       |       |       |    41 |    51 ||    92
